 Dungeon Crawl Stone Soup version 0.31-a0-4-gefa6de2278 (webtiles) character file.

Game seed: 13794389087006930900

183511 garrulousMonolith the Apostle (level 17, 0/163 HPs)
             Began as a Hill Orc Monk on May 4, 2023.
             Was a High Priest of Beogh.
             Succumbed to an emperor scorpion's poison
             ... on level 3 of the Spider Nest.
             The game lasted 01:14:07 (35232 turns).

garrulousMonolith the Apostle (Hill Orc Monk)      Turns: 35232, Time: 01:14:08

Health: 0/163      AC: 28    Str: 25    XL:     17   Next: 99%
Magic:  23/30      EV: 10    Int: 10    God:    Beogh [*****.]
Gold:   3044       SH: 14    Dex: 18    Spells: 16/16 levels left

rFire   . . .        a - +3 war axe (elec)
rCold   + . .        s - +0 kite shield {reflect}
rNeg    . . .        U - +2 chain mail {rPois}
rPois   +            O - +2 helmet {SInv}
rElec   .            n - +0 cloak
rCorr   .            R - +2 pair of gloves {Str+3}
SInv    +            J - +2 pair of boots {Stlth+}
Will    ++...        D - amulet of regeneration
Stlth   +            Z - ring of willpower
HPRegen 1.27/turn    Q - ring "Nutiav Wik" {Drain rC+ Dex+5 SInv Stlth+}
MPRegen 0.22/turn

%: reflection
@: lethally poisoned (0 -> -24)
A: walk on water
}: 1/15 runes: decaying
a: Renounce Religion, Smiting, Recall Orcish Followers, Give Item to Named
Follower


You were on level 3 of the Spider Nest.
You worshipped Beogh.
Beogh was extremely pleased with you.
You visited 5 branches of the dungeon, and saw 29 of its levels.
You visited the Abyss 1 time.
You also visited: Bailey, Gauntlet and Ice Cave.

You collected 3492 gold pieces.
You spent 448 gold pieces at shops.

Inventory:

Hand Weapons
 a - a +3 war axe of electrocution (weapon)
 b - the +5 sling "Zoyrual" {freeze, rPois rC+ Stlth+}
   (You took it off a centaur on level 8 of the Dungeon)

   rC:        It protects you from cold.
   rPois:     It protects you from poison.
   Stlth:     It makes you more stealthy.
 w - a +3 demon whip of venom
 C - a +1 trident
 E - a +4 eveningstar of holy wrath
 P - a +0 glaive
 Y - a +0 broad axe
Missiles
 e - 14 curare-tipped darts
 g - 88 poisoned darts (quivered)
 T - a throwing net
Armour
 n - a +0 cloak (worn)
 s - a +0 kite shield of reflection (worn)
 J - a +2 pair of boots of stealth (worn)
 O - a +2 helmet of see invisible (worn)
 R - a +2 pair of gloves of strength (worn)
 U - a +2 chain mail of poison resistance (worn)
Jewellery
 r - a ring of protection from fire
 D - an amulet of regeneration (around neck)
 H - a +5 ring of evasion
 K - a ring of protection from cold
 Q - the ring "Nutiav Wik" (right hand) {Drain rC+ Dex+5 SInv Stlth+}
   (You found it on level 9 of the Dungeon)

   [ring of protection from cold]

   Dex:       It affects your dexterity (+5).
   rC:        It protects you from cold.
   SInv:      It lets you see invisible.
   Drain:     It drains your maximum health when unequipped.
   Stlth:     It makes you more stealthy.
 X - an amulet of reflection
 Z - a ring of willpower (left hand)
Wands
 h - a wand of digging (13)
 m - a wand of iceblast (48)
 p - a wand of light (3)
 y - a wand of charming (16)
 z - a wand of mindburst (11)
 L - a wand of flame (37)
 V - a wand of polymorph (25)
Scrolls
 i - 5 scrolls of poison
 k - 3 scrolls of enchant weapon
 o - 3 scrolls of blinking
 t - a scroll of fog
 A - 5 scrolls of teleportation
 B - 4 scrolls of amnesia
 M - 6 scrolls of identify
 N - 5 scrolls of magic mapping
 S - 5 scrolls of fear
Potions
 c - a potion of ambrosia
 f - 2 potions of brilliance
 j - a potion of heal wounds
 l - 3 potions of attraction
 q - 3 potions of resistance
 u - 9 potions of flight
 v - 5 potions of curing
 x - 3 potions of might
 F - 9 potions of mutation
 G - 2 potions of invisibility
 I - 3 potions of cancellation
 W - 3 potions of berserk rage
Miscellaneous
 d - a phantom mirror


   Skills:
 + Level 18.1 Fighting
 - Level 18.0 Axes
 + Level 16.3 Armour
 - Level 3.0 Dodging
 - Level 15.0 Shields
 + Level 19.1 Invocations


You had 16 spell levels left.
You didn't know any spells.
Your spell library contained the following spells:

 Spells                   Type           Power      Damage    Failure   Level
 Freeze                   Ice            0%         1d3       87%         1
 Sandblast                Erth           0%         2d4       87%         1
 Sting                    Tmut/Pois      0%         1d3       87%         1
 Lesser Beckoning         Tloc           0%         N/A       95%         2
 Passwall                 Tmut/Erth      0%         N/A       95%         2
 Poisonous Vapours        Pois/Air       0%         N/A       95%         2
 Frozen Ramparts          Ice            0%         1d1       99%         3
 Gell's Gravitas          Tloc           0%         N/A       99%         3
 Hailstorm                Conj/Ice       0%         3d3       99%         3
 Ignite Poison            Fire/Tmut/Pois 0%         N/A       99%         3
 Inner Flame              Hex/Fire       0%         N/A       99%         3
 Stone Arrow              Conj/Erth      0%         3d7       99%         3
 Teleport Other           Tloc           0%         N/A       99%         3
 Tukima's Dance           Hex            0%         N/A       99%         3
 Animate Armour           Summ/Erth      0%         N/A       100%        4
 Flame Wave               Conj/Fire      0%         2d4       100%        4
 Ice Form                 Ice/Tmut       0%         N/A       100%        4
 Leda's Liquefaction      Hex/Erth       0%         N/A       100%        4
 Manifold Assault         Tloc           0%         N/A       100%        4
 Olgreb's Toxic Radiance  Pois           0%         N/A       100%        4
 Passage of Golubria      Tloc           0%         N/A       100%        4
 Sticky Flame             Conj/Fire      0%         2d3       100%        4
 Blade Hands              Tmut           0%         N/A       100%        5
 Lee's Rapid Deconstruct  Erth           0%         3d4*      100%        5
 Silence                  Hex/Air        0%         N/A       100%        5
 Yara's Violent Unravell  Hex/Tmut       0%         3d3       100%        5
 Dispersal                Tloc           0%         N/A       100%        6
 Iron Shot                Conj/Erth      0%         9d1       100%        6
 Simulacrum               Ice/Necr       0%         N/A       100%        6
 Statue Form              Tmut/Erth      0%         N/A       100%        6
 Discord                  Hex            0%         N/A       100%        8
 Disjunction              Tloc           0%         N/A       100%        8
 Ignition                 Fire           0%         3d3       100%        8
 Lehudib's Crystal Spear  Conj/Erth      0%         10d2      100%        8


Dungeon Overview and Level Annotations

Branches:
Dungeon (15/15)            Temple (0/1) D:5            Lair (5/5) D:10
  Swamp (4/4) Lair:2       Spider (3/4) Lair:3        Slime (0/5) Lair:4
    Orc (2/2) D:9             Elf (0/3) Orc:2        Vaults (0/5) D:13
 Depths (0/4) D:15         Bailey (visited)           IceCv (visited)
Gauntlet (visited)

Altars:
Cheibriados
Dithmenos
Fedhas
Gozag
Qazlal
Sif Muna
Uskayaw
Vehumet
Xom
The Shining One
Beogh
Lugonu

Shops:
D:2 :   D:5 =(*(   D:6 *   D:7 [   D:15 :   Orc:2 !(?[

Portals:
Abyss: Lair:5
Trove: D:15 (show abyssal rune of Zot)

Annotations:
Swamp:1 1 runed translucent door, 13Fox's ghost, adept MiFi


Message History

Your orc knight completely misses Nikola.
Nikola hits you but does no damage.
Berold hits Nikola with a +0 glaive!!
Aiming: Smiting
Press: ? - help, Dir - move target, f/p - Nikola Smite: Nikola, wielding a +4 rapier of electrocution, wearing a +0 cloak and wearing a +1 pair of gloves (severely wounded, ally target)
You smite Nikola!!!
Nikola is almost dead.
Your orc knight hits Nikola from afar with a +3 bardiche!
Nikola hits you with a +4 rapier of electrocution.
* * * LOW HITPOINT WARNING * * *
Berold hits Nikola with a +0 glaive!
Nikola dies!
Beogh accepts your kill.
Berold looks more experienced.
You swap places.
The emperor scorpion stings you.
* * * LOW HITPOINT WARNING * * *
You are lethally poisoned!
The emperor scorpion poisons you!
The emperor scorpion claws you but does no damage. x2
Your orc knight hits the emperor scorpion from afar with a +3 bardiche!!!
Berold hits the emperor scorpion from afar with a +0 glaive!
You slash the emperor scorpion!
The emperor scorpion is severely wounded.
* * * LOW HITPOINT WARNING * * *
You feel extremely sick.
You block the emperor scorpion's attack. x3
Your orc knight barely misses the emperor scorpion.
You barely miss the emperor scorpion.
The emperor scorpion is severely wounded.
* * * LOW HITPOINT WARNING * * *
You feel very sick.
You block the emperor scorpion's attack. x2
The emperor scorpion barely misses you.
Berold hits the emperor scorpion but does no damage.
Your orc knight hits the emperor scorpion from afar with a +3 bardiche!
You catch the helpless emperor scorpion completely off-guard!
You hit the emperor scorpion.
The emperor scorpion is almost dead.
You die...

## ##### #. ##^...
########.# ###.....
#........# #^......
#........# #....[..
#........# ####.......
#....s..# ##.#.#......
..##....@..# #...#.......
......).oo.###....#...###
..##..)....##......#o###
#......#........##.o##
##..>.###.......###.).
#.##.# #.......##.... ##
### #######.##....
#.####.. ### #..


You could see an emperor scorpion (ally target), the friendly Berold the orc
warlord (strong) and a friendly orc knight (strong).

Vanquished Creatures
  A lich (Abyss:3)
  A tentacled starspawn (Abyss:3)
  Kirke (Lair:3)
  A fenstrider witch (Swamp:3)
  A deep elf sorcerer (Abyss:3)
  An emperor scorpion (Spider:1)
  Louise (Spider:1)
  A reaper (IceCv)
  3 bunyips
  11 eleionomae
  A lorocyproca (Abyss:3)
  A shambling mangrove (Swamp:3)
  Fannar (Lair:1)
  3 fire dragons (Swamp:4)
  A great orb of eyes (Abyss:3)
  A rakshasa (D:15)
  Erolcha (D:9)
  17 hydras
  An ogre mage (D:13)
  A centaur warrior (D:15)
  2 ghost crabs
  A radroach (Spider:3)
  2 boulder beetles
  8 alligators
  Erica (Lair:1)
  4 two-headed ogres
  3 hell hogs (Abyss:3)
  A thrashing horror (Lair:5)
  Sonja (Lair:3)
  A fire crab (Swamp:4)
  4 skeletal warriors
  A skyshark (Lair:4)
  Amaemon (Lair:3)
  A pharaoh ant (Spider:3)
  3 goliath frogs
  A glowing orange brain (Abyss:3)
  5 swamp dragons
  3 orb spiders (Spider:2)
  4 spriggan druids
  A lindwurm (Swamp:4)
  A lindwurm (shapeshifter) (Lair:5)
  A steelbarb worm (Spider:3)
  Pikel (D:7)
  A wizard (D:13)
  A mana viper (Abyss:3)
  A deep elf pyromancer (D:15)
  3 starcursed masses (Abyss:3)
  3 ugly things
  2 oklob plants (Lair:2)
  3 orc sorcerers (Orc:2)
  An orc knight (Orc:2)
  8 wolf spiders
  9 large abominations
  3 will-o-the-wisps
  A worldbinder (Abyss:3)
  A cyclops (Orc:1)
  2 black mambas
  An ice statue (IceCv)
  3 demonic crawlers
  An apocalypse crab (Abyss:3)
  3 torpor snails
  A smoke demon (Abyss:3)
  3 cane toads
  2 rime drakes (Lair:1)
  An eye of devastation (Lair:4)
  An unseen horror (D:12)
  2 centaur skeletons (D:13)
  Maggie (D:7)
  A komodo dragon (Lair:3)
  A freezing wraith (IceCv)
  A tengu conjurer (D:13)
  2 anaconda simulacra (IceCv)
  A yaktaur (D:13)
  2 meliai (D:15)
  5 trolls
  An ancient zyme (Lair:5)
  4 tyrant leeches
  A polar bear (Lair:4)
  Grinder (D:5)
  4 tarantellas (Spider:1)
  9 hornets
  9 blink frogs
  5 dream sheep
  8 slime creatures
  6 jumping spiders
  2 ynoxinuls (Abyss:3)
  7 culicivoras
  9 spriggans
  2 centaur simulacra (D:10)
  Sigmund (D:5)
  2 shadows
  7 wraiths
  3 wyverns
  A fire elemental (Swamp:4)
  18 yaks
  2 steam dragons (Swamp:4)
  16 redbacks
  18 swamp worms
  2 wargs
  Duvessa (D:5)
  7 water moccasins
  4 death yak simulacra (IceCv)
  A hydra simulacrum (IceCv)
  A floating eye (Lair:4)
  4 ice beasts
  12 swamp drakes
  3 black bears
  6 orc warriors
  7 ogres
  3 wolves
  A boggart (D:13)
  7 centaurs
  3 lemures (D:7)
  3 kobold brigands
  2 gnoll sergeants
  2 bullfrogs
  2 scorpions
  7 two-headed ogre simulacra (IceCv)
  Dowan (D:5)
  6 wights (D:9)
  3 small abominations
  4 elephant simulacra (IceCv)
  10 electric eels
  2 vampire bats (Orc:2)
  A howler monkey (D:10)
  An iron imp (Abyss:3)
  4 jellies
  2 orc priests
  Crazy Yiuf (D:7)
  A gnoll bouda (D:9)
  2 hounds
  3 iguanas
  5 orc wizards
  2 sleepcaps (D:7)
  A hell rat (Lair:4)
  A troll simulacrum (IceCv)
  4 spriggan simulacra (IceCv)
  A polar bear simulacrum (IceCv)
  2 wolf simulacra (IceCv)
  Robin (D:3)
  7 adders
  16 gnolls
  6 naga simulacra (IceCv)
  22 white imps
  12 ufetubi
  A worm (D:4)
  3 dart slugs
  19 orcs
  17 endoplasms
  A giant cockroach (D:2)
  13 goblins
  11 hobgoblins
  7 jackals (D:5)
  3 quokkas
  5 ball pythons
  10 bats
  4 frilled lizards
  22 kobolds
  4 rats (D:2)
  A starspawn tentacle (Abyss:3)
628 creatures vanquished.

Vanquished Creatures (collateral kills)
  Nikola (Spider:3)
  Donald (Spider:1)
  An emperor scorpion (Spider:1)
  Aizul (Spider:3)
  A ghost moth (Spider:1)
  Azrael (Spider:3)
  2 spark wasps
  Snorg (D:11)
  A fire dragon (D:15)
  Josephine (D:15)
  3 hydras
  2 catoblepae
  A jorogumo (Spider:2)
  3 centaur warriors
  A radroach (Spider:1)
  A death yak (Lair:4)
  A boulder beetle (Lair:3)
  A two-headed ogre (D:13)
  3 orc high priests (Orc:2)
  A thrashing horror (Lair:5)
  2 skeletal warriors (D:14)
  2 skysharks
  4 pharaoh ants
  4 orb spiders (Spider:1)
  A bog body (Lair:2)
  2 wizards
  3 orc knights
  A necromancer (D:15)
  7 wolf spiders
  4 deep elf pyromancers
  2 steelbarb worms
  2 cyclopes
  An orc sorcerer (Orc:2)
  10 ugly things
  A manticore (D:15)
  A black mamba (Lair:5)
  20 elephants
  A naga mage (D:15)
  9 cane toads
  2 smoke demons (Lair:5)
  3 demonic crawlers
  3 torpor snails
  An orange demon (Lair:3)
  4 centaur skeletons
  2 rime drakes (Lair:4)
  A kobold demonologist (D:9)
  7 komodo dragons
  2 efreet (D:15)
  4 yaktaurs (D:13)
  A rime drake (shapeshifter) (D:15)
  A freezing wraith (D:14)
  3 large abominations (Lair:5)
  An ancient zyme (Lair:5)
  2 trolls (D:13)
  A meliai (D:15)
  3 polar bears
  4 wolf spider simulacra
  A hornet (D:9)
  14 blink frogs
  12 tarantellas
  Prince Ribbit (D:9)
  14 dream sheep
  14 culicivoras
  2 centaur simulacra (D:10)
  20 jumping spiders
  3 slime creatures
  5 wraiths
  2 hogs (Lair:3)
  A ynoxinul (Lair:5)
  2 fire elementals (Spider:3)
  50 yaks
  5 basilisks
  Grum (Lair:1)
  2 chaos spawn (Lair:5)
  3 wyverns
  24 redbacks
  2 swamp worms (Lair:2)
  2 wargs (D:10)
  3 hell hounds (Spider:3)
  10 water moccasins
  An ice beast (D:10)
  5 orc warriors
  An ogre (Orc:1)
  10 wolves
  14 centaurs
  6 kobold brigands
  6 small abominations (Lair:5)
  5 bullfrogs
  A gnoll sergeant (D:9)
  4 wights (D:9)
  2 electric eels
  3 jellies (D:10)
  4 orc priests
  A gnoll bouda (D:10)
  6 orc wizards
  9 hell rats
  7 gnolls
  6 white imps (Orc:1)
  12 orcs
  An endoplasm (D:10)
  A goblin (D:7)
  A bat (Orc:2)
  4 kobolds
453 creatures vanquished.

Vanquished Creatures (others)
  Arachne (Spider:2)
  Agnes (Spider:3)
  A lindwurm (Swamp:4)
  A wizard (D:15)
  6 orc knights
  2 orc sorcerers
  A bloated husk (Swamp:1)
  A tarantella (Spider:1)
  3 orc wizards
  A jumping spider (Spider:3)
  7 orc warriors
  A swamp drake (Swamp:4)
  6 orc priests
  An ufetubus (D:4)
  A dart slug (D:4)
  24 orcs
  3 hobgoblins (D:4)
  A kobold (D:7)
  23 demonic plants (Gauntlet)
  8 foxfires
  37 fungi
  142 plants
  A starspawn tentacle (Abyss:3)
  11 withered plants (Gauntlet)
284 creatures vanquished.

Grand Total: 1365 creatures vanquished

Notes
Turn   | Place    | Note
-------+----------+-------------------------------------------
     0 | D:1      | garrulousMonolith the Hill Orc Monk began the quest for the
                  | Orb.
     0 | D:1      | Reached XP level 1. HP: 19/19 MP: 1/1
   213 | D:1      | Reached XP level 2. HP: 24/27 MP: 2/2
   619 | D:1      | Reached skill level 1 in Invocations
  1148 | D:2      | Found Ifuzagru's Book Boutique.
  1281 | D:2      | Reached XP level 3. HP: 33/33 MP: 3/3
  1931 | D:3      | Reached skill level 1 in Armour
  2155 | D:3      | Noticed Robin
  2176 | D:3      | Reached XP level 4. HP: 39/40 MP: 5/5
  2178 | D:3      | Reached skill level 1 in Shields
  2191 | D:3      | Killed Robin
  2197 | D:3      | Reached skill level 5 in Axes
  2556 | D:3      | Reached XP level 5. HP: 40/46 MP: 6/6
  2956 | D:4      | Reached skill level 2 in Invocations
  2978 | D:4      | Became a worshipper of Beogh the Brigand
  2978 | D:4      | Reached * piety under Beogh
  2978 | D:4      | Reached ** piety under Beogh
  3300 | D:4      | Reached XP level 6. HP: 50/53 MP: 7/7
  3488 | D:4      | Found a shimmering altar of Xom.
  3590 | D:4      | Found a stormy altar of Qazlal.
  3919 | D:5      | Entered Level 5 of the Dungeon
  3926 | D:5      | Noticed an ice beast
  3939 | D:5      | Reached skill level 3 in Invocations
  4060 | D:5      | Reached XP level 7. HP: 24/60 MP: 9/9
  4218 | D:5      | Noticed Sigmund
  4220 | D:5      | Killed Sigmund
  4221 | D:5      | Reached skill level 5 in Fighting
  4245 | D:5      | Found Haazxuen's Antique Weapon Emporium.
  4380 | D:5      | Reached skill level 4 in Invocations
  4506 | D:5      | Found a staircase to the Ecumenical Temple.
  4601 | D:5      | Noticed Grinder
  4601 | D:5      | Paralysed by Grinder for 5 turns
  4616 | D:5      | Paralysed by Grinder for 5 turns
  4626 | D:5      | Paralysed by Grinder for 2 turns
  4632 | D:5      | Paralysed by Grinder for 5 turns
  4637 | D:5      | Killed Grinder
  4638 | D:5      | Reached XP level 8. HP: 42/70 MP: 11/11
  5054 | D:5      | Found a glowing golden altar of the Shining One.
  5144 | D:5      | Found Gexauc's Assorted Antiques.
  5290 | D:5      | Noticed Duvessa
  5290 | D:5      | Noticed Dowan
  5314 | D:5      | Killed Duvessa
  5344 | D:5      | Killed Dowan
  5490 | D:5      | Found Buam's Weapon Shoppe.
  5498 | D:5      | Bought a +2 war axe of electrocution for 227 gold pieces
  5599 | D:5      | Found Repamp's Jewellery Shop.
  5713 | D:6      | Found Gajarar's Neck Hole.
  5872 | D:6      | Reached skill level 5 in Invocations
  6216 | D:6      | Reached *** piety under Beogh
  6880 | D:7      | Reached XP level 9. HP: 78/78 MP: 13/13
  6962 | D:7      | Found Moghujy's Armour Boutique.
  6972 | D:7      | Bought a +0 pair of boots of stealth for 161 gold pieces
  7074 | D:7      | Noticed Pikel
  7087 | D:7      | Killed Pikel
  7088 | D:7      | Reached skill level 10 in Axes
  7088 | D:7      | Reached skill level 5 in Armour
  7088 | D:7      | Reached skill level 5 in Shields
  7088 | D:7      | Reached skill level 6 in Invocations
  7277 | D:7      | Noticed Maggie
  7298 | D:7      | Killed Maggie
  7348 | D:7      | Found a snail-covered altar of Cheibriados.
  7686 | D:7      | Found a hide-covered altar of Uskayaw.
  7795 | D:7      | Found a runed translucent door.
  7796 | D:7      | Noticed Crazy Yiuf
  7801 | D:7      | Killed Crazy Yiuf
  7908 | D:8      | Found a flagged portal.
  7916 | Bailey   | Entered a bailey
  8462 | Bailey   | Identified the +0 plate armour "Jehebotu" {-Tele Will+
                  | Regen+ Slay+2}
  8577 | D:8      | Reached XP level 10. HP: 86/86 MP: 15/15
  8653 | D:8      | Found a shimmering blue altar of Sif Muna.
  8684 | D:8      | Reached skill level 7 in Invocations
  8792 | D:8      | Identified the +5 sling "Zoyrual" {freeze, rPois rC+
                  | Stlth+}
  8923 | D:8      | Noticed a two-headed ogre
  8928 | D:8      | Killed a two-headed ogre
  9274 | D:9      | Reached **** piety under Beogh
  9411 | D:9      | Gained Blodwig as an ally
  9570 | D:9      | Identified the ring "Nutiav Wik" {Drain rC+ Dex+5 SInv
                  | Stlth+}
  9582 | D:9      | Found a staircase to the Orcish Mines.
  9584 | D:9      | Noticed Erolcha
  9588 | D:9      | Killed Erolcha
  9589 | D:9      | Reached skill level 8 in Invocations
  9605 | D:9      | Reached XP level 11. HP: 77/95 MP: 9/17
  9695 | D:9      | Noticed Prince Ribbit
  9702 | D:9      | Killed Prince Ribbit
  9888 | D:9      | Found the +5 glaive of the Guard {elec, spectral, AC+5}
 10315 | D:10     | Entered Level 10 of the Dungeon
 10315 | D:10     | Found a shadowy altar of Dithmenos.
 10367 | D:10     | Found a blossoming altar of Fedhas.
 10445 | D:10     | Reached skill level 9 in Invocations
 10701 | D:10     | Found a staircase to the Lair.
 10744 | D:10     | Reached ***** piety under Beogh
 10936 | D:10     | Gained Margrim as an ally
 11148 | D:10     | Found a radiant altar of Vehumet.
 11336 | D:11     | Killed Snorg
 11454 | D:11     | Found a blossoming altar of Fedhas.
 11739 | D:11     | Gained Bogmar as an ally
 12427 | Lair:1   | Entered Level 1 of the Lair of Beasts
 12440 | Lair:1   | Reached skill level 10 in Fighting
 12479 | Lair:1   | Noticed Grum
 12485 | Lair:1   | Reached XP level 12. HP: 96/106 MP: 19/19
 12487 | Lair:1   | Killed Grum
 12560 | Lair:1   | Reached skill level 10 in Invocations
 12725 | Lair:1   | Noticed Fannar
 12730 | Lair:1   | Killed Fannar
 12731 | Lair:1   | Reached skill level 15 in Axes
 12884 | Lair:1   | Noticed Erica
 12890 | Lair:1   | Killed Erica
 14562 | Lair:2   | Found a staircase to the Swamp.
 14829 | Lair:3   | Noticed Amaemon
 14838 | Lair:3   | Killed Amaemon
 14839 | Lair:3   | Reached skill level 11 in Invocations
 14991 | Lair:3   | Noticed a boulder beetle
 14993 | Lair:3   | Noticed Kirke
 15004 | Lair:3   | Killed Kirke
 15004 | Lair:3   | Killed a boulder beetle
 15005 | Lair:3   | Reached XP level 13. HP: 116/116 MP: 17/21
 15214 | Lair:3   | Found a hole to the Spider Nest.
 15300 | Lair:3   | Reached skill level 10 in Armour
 15301 | Lair:3   | Reached skill level 10 in Shields
 15433 | Lair:3   | Noticed Sonja
 15437 | Lair:3   | Killed Sonja
 15770 | Lair:4   | Found a staircase to the Slime Pits.
 15772 | Lair:4   | Paralysed by a floating eye for 2 turns
 15935 | Lair:4   | Reached skill level 12 in Invocations
 17052 | Lair:5   | Entered Level 5 of the Lair of Beasts
 17092 | Lair:5   | Reached ****** piety under Beogh
 17203 | Lair:5   | Reached XP level 14. HP: 126/126 MP: 23/23
 18122 | Lair:5   | Reached skill level 13 in Invocations
 18248 | Lair:5   | Gained Zorug as an ally
 18582 | Lair:5   | Found a corrupted altar of Lugonu.
 18582 | Lair:5   | Found a one-way gate to the infinite horrors of the Abyss.
 19528 | D:13     | Identified the +6 whip of the Final Decision {venom, rF+
                  | Int+3 Dex-2 Stlth+}
 19858 | D:13     | Found a gate leading to a gauntlet.
 19867 | Gauntlet | Entered a Gauntlet
 19867 | Gauntlet | Found a transporter.
 19867 | Gauntlet | Found a transporter.
 19867 | Gauntlet | Found a transporter.
 19868 | Gauntlet | Found a transporter.
 19871 | Gauntlet | Found a transporter.
 19871 | Gauntlet | Found a transporter.
 19881 | Gauntlet | Found a transporter.
 19885 | Gauntlet | Found a transporter.
 19887 | Gauntlet | Found a large runed translucent door.
 19888 | Gauntlet | Found a large runed translucent door.
 19889 | Gauntlet | Found a large runed translucent door.
 19889 | Gauntlet | Found a large runed translucent door.
 19889 | Gauntlet | Found a runed translucent door.
 19889 | Gauntlet | Found a runed translucent door.
 19890 | Gauntlet | Found a large runed translucent door.
 19890 | Gauntlet | Found a large runed translucent door.
 19890 | Gauntlet | Found a large runed translucent door.
 19890 | Gauntlet | Found a large runed translucent door.
 19891 | Gauntlet | Found a large runed translucent door.
 19891 | Gauntlet | Found a large runed translucent door.
 19892 | Gauntlet | Found a large runed translucent door.
 19892 | Gauntlet | Found a large runed translucent door.
 19893 | Gauntlet | Found a runed translucent gate.
 19893 | Gauntlet | Found a runed translucent gate.
 19893 | Gauntlet | Found a runed translucent gate.
 19895 | Gauntlet | Found a transporter.
 19903 | Gauntlet | Noticed a reaper
 19906 | Gauntlet | Found a large runed translucent door.
 19907 | Gauntlet | Found a large runed translucent door.
 19916 | Gauntlet | Found a large runed translucent door.
 19916 | Gauntlet | Found a large runed translucent door.
 19997 | Gauntlet | Found a transporter.
 20001 | Gauntlet | Found a transporter.
 20015 | Gauntlet | Found a transporter.
 20140 | D:13     | Gained Berold as an ally
 20154 | D:13     | Gained Bladwarg as an ally
 20380 | D:13     | Reached skill level 14 in Invocations
 20414 | D:13     | Found a gate to the Vaults.
 20891 | D:14     | Your ally Blodwig died
 21202 | D:14     | Reached XP level 15. HP: 123/137 MP: 25/25
 21598 | D:15     | Entered Level 15 of the Dungeon
 21970 | D:15     | Found Naip's Tremendous Tomes.
 22056 | D:15     | Noticed Josephine
 22075 | D:15     | Killed Josephine
 22214 | D:15     | Found an opulent altar of Gozag.
 22520 | D:15     | Found a portal to a secret trove of treasure.
 22623 | D:15     | Found a staircase to the Depths.
 22875 | Orc:1    | Entered Level 1 of the Orcish Mines
 22881 | Orc:1    | Reached skill level 15 in Invocations
 22926 | Orc:1    | Found a frozen archway.
 22948 | IceCv    | Entered an ice cave
 24381 | Orc:2    | Entered Level 2 of the Orcish Mines
 24383 | Orc:2    | Found a roughly hewn altar of Beogh.
 24523 | Orc:2    | Found a staircase to the Elven Halls.
 24958 | Orc:2    | Found Yciobb's Antique Armour Boutique.
 24984 | Orc:2    | Gained Koronagh as an ally
 25073 | Orc:2    | Found Niamatho's Magic Scroll Emporium.
 25080 | Orc:2    | Found Nusaorch's Weapon Emporium.
 25082 | Orc:2    | Found Makaaq's Distillery.
 25091 | Orc:2    | Bought a potion of heal wounds for 60 gold pieces
 25304 | Swamp:1  | Entered Level 1 of the Swamp
 25318 | Swamp:1  | Found the +12 pair of quick blades "Gyre" and "Gimble"
                  | {protect}
 25319 | Swamp:1  | Found a runed translucent door.
 25319 | Swamp:1  | Noticed 13Fox's ghost (adept MiFi)
 25319 | Swamp:1  | Noticed a thorn hunter
 25748 | Swamp:1  | Reached skill level 15 in Fighting
 26449 | Swamp:1  | Reached XP level 16. HP: 134/149 MP: 27/27
 26614 | Swamp:2  | Reached skill level 16 in Invocations
 27552 | Swamp:3  | Identified the +1 leather armour "Gulurrumm" {rC+ Int+3}
 28276 | Swamp:3  | Noticed a fenstrider witch
 28288 | Swamp:3  | Killed a fenstrider witch
 28579 | Swamp:4  | Entered Level 4 of the Swamp
 28996 | Swamp:4  | Gained Boruk as an ally
 28996 | Swamp:4  | Gained Borgk as an ally
 29534 | Swamp:4  | Reached skill level 17 in Invocations
 30264 | Swamp:4  | Got a decaying rune of Zot
 30682 | Spider:1 | Entered Level 1 of the Spider Nest
 30759 | Spider:1 | Reached XP level 17. HP: 135/159 MP: 29/29
 31052 | Spider:1 | You fall into a shaft and drop 1 floor!
 31120 | Spider:2 | Reached skill level 15 in Shields
 31139 | Spider:1 | Reached skill level 15 in Armour
 31163 | Spider:1 | Your ally Borgk died
 31787 | Spider:1 | Noticed Donald
 31789 | Spider:1 | Noticed Louise
 31794 | Abyss:2  | Cast into level 2 of the Abyss (Louise)
 31827 | Abyss:3  | Found a corrupted altar of Lugonu.
 32077 | Abyss:3  | Reached skill level 18 in Invocations
 32108 | Abyss:3  | Noticed a tentacled starspawn
 32114 | Abyss:3  | Killed a tentacled starspawn
 32178 | Abyss:3  | Noticed a lich
 32202 | Abyss:3  | Killed a lich
 32398 | Abyss:3  | Noticed a bone dragon
 32535 | Abyss:3  | Noticed a profane servitor
 32779 | Abyss:3  | Found a corrupted altar of Lugonu.
 32812 | Spider:1 | Escaped the Abyss
 32817 | Spider:1 | Killed Louise
 32819 | Spider:1 | Killed Donald
 33728 | Spider:2 | Noticed Arachne
 33742 | Spider:2 | Your ally Borgk died
 33748 | Spider:2 | Killed Arachne
 34224 | Spider:3 | Noticed Azrael
 34228 | Spider:3 | Your ally Koronagh died
 34231 | Spider:3 | Your ally Margrim died
 34231 | Spider:3 | Killed Azrael
 34494 | Spider:3 | Noticed Aizul
 34507 | Spider:3 | Killed Aizul
 34937 | Spider:3 | Reached skill level 19 in Invocations
 35215 | Spider:3 | Noticed Agnes
 35218 | Spider:3 | Noticed Nikola
 35225 | Spider:3 | Killed Agnes
 35227 | Spider:3 | Killed Nikola
 35231 | Spider:3 | HP: 6/163 [poisoned by an emperor scorpion]
 35232 | Spider:3 | Succumbed to an emperor scorpion's poison

Illustrated notes

Levels and vault maps discovered:
D:1:      minmay_arrival_open_corners, layout_basic
D:2:      layout_basic, serial_shops, shop, grunt_ministairs_8
D:3:      layout_loops_ring, uniq_robin
D:4:      layout_loops_ring, kennysheep_little_box, grunt_qazlal_sundering,
          supply_closet_lemuel, chequers_serial_rivers_micro_b
D:5:      layout_loops_corners, tso_altar, minmay_temple_entry_antechambers,
          serial_shops, nicolae_shop_bloodbath_and_beyond,
          nicolae_shop_rolling_square, kennysheep_mini, nicolae_shop_tiny_glass,
          uniq_grinder, uniq_sigmund, uniq_duvessa
D:6:      kb_forest_paths, layout_layer_cave, hangedman_decor_peaks_small,
          nicolae_shop_sticking_my_neck_out
D:7:      corexii_shack_village, layout_loops_ring, overflow_temple_1_default,
          lemuel_coloured_pillars_altar, serial_shops, shop, uniq_pikel,
          uniq_crazy_yiuf_cottage, uniq_maggie
D:8:      layout_rooms, led_sif_pool, enter_bailey_2, serial_bayou,
          serial_bayou_pond_d, serial_bayou_lake_a, serial_bayou_pond_e,
          serial_bayou_lagoon_a, serial_bayou_pond_c, serial_bayou_pond_e
D:9:      layout_big_octagon, orc_0_dummy, minmay_misc_feat_chi,
          nicolae_straight_to_the_point, uniq_prince_ribbit1, uniq_erolcha
D:10:     lemuel_slime, layout_loops_cross, mainiacjoe_overflow_alcove_1,
          overflow_temple_1_default, nicolae_dithmenos_the_darkroom,
          erik_lair_orcish_takeover, serial_ice, serial_ice_e, serial_ice_o,
          serial_ice_k, serial_ice_c, st_stairs_1, hex_tiny, minivault_25
D:11:     layout_loops_corners, fedhas_altar_3, uniq_snorg
D:12:     layout_cave_pools
D:13:     layout_irregular_city, hangedman_vaults_entry_quadrant_bands,
          gauntlet_entry_generic, minmay_circle_x
D:14:     layout_irregular_city, minmay_misc_feat_enclosed,
          minmay_stone_trees_small, chequers_avenue
D:15:     grunt_enter_depths_magical_seal, layout_basic, trove_entry_hex_spiral,
          minivault_1, st_stairs_10, nicolae_shop_i_like_big_books,
          nicolae_gozag_seed_capital, uniq_josephine
Lair:1:   layout_cave_pods, serial_bayou_shore_a, grunt_megastairs_2, uniq_grum,
          uniq_fannar, uniq_erica
Lair:2:   dpeg_oklob_shooting_range, layout_regular_city,
          nicolae_swamp_entry_splash_gauntlet, wad_woods_road_05
Lair:3:   layout_misc_corridors, nicolae_spider_entry_lesser_pyramids,
          nicolae_lair_grazing_beasts [nicolae_sub_lair_graze_edge,
          nicolae_sub_lair_graze_edge, nicolae_sub_lair_graze_edge,
          nicolae_sub_lair_graze_edge], uniq_kirke, uniq_amaemon, uniq_sonja
Lair:4:   layout_layer_cave, minmay_slime_entry_eyes,
          hangedman_lair_generics_rect
Lair:5:   hellmonk_lair_end_abyssal_woods, layout_regular_city,
          lemuel_fruit_tree
Swamp:1:  layout_basic_swamp, ebering_ghost_inner_flame,
          evilmike_swamp_ruin_house_5, swamp_pool4, hangedman_swamp_cone,
          infiniplex_staircase_pool
Swamp:2:  layout_basic_swamp, evilmike_swamp_ruin_house_4, swamp_pool1
Swamp:3:  layout_falls_marsh, serial_swamp_ruin, evilmike_swamp_ruin_rubble_1,
          evilmike_swamp_ruin_house_1, hangedman_swamp_ruin_wall, swamp_pool1
Swamp:4:  swamp_fiery, layout_basic_swamp
Spider:1: layout_spider_delve, nicolae_spider_shape, uniq_louise, uniq_donald
Spider:2: layout_spider_delve, uniq_arachne
Spider:3: layout_chambers, nicolae_spider_cling_halls, uniq_azrael, uniq_agnes,
          uniq_nikola, uniq_aizul
Orc:1:    layout_caves, portal_ice_cave_entry_imps
Orc:2:    st_orc_elflike, layout_caves, basic_altar, roderic_batcave

Skill      XL: |  1  2  3  4  5  6  7  8  9 10 11 12 13 14 15 16 17 |
---------------+----------------------------------------------------+-----
Invocations    | 1 2 3 4 5 6 8 9 11 12 14 15 17 19 | 19.1
Fighting       | 4 5 6 7 8 10 11 12 13 15 16 18 | 18.1
Armour         | 1 2 3 4 5 7 8 9 10 12 13 14 16 | 16.3
Shields        | 1 2 3 4 5 7 8 9 10 12 13 14 15 | 15.0
Axes           | 5 6 7 9 11 12 14 16 18 | 18.0
Dodging        | 3 |  3.0

Action                     |  1- 3 |  4- 6 |  7- 9 | 10-12 | 13-15 | 16-18 || total
---------------------------+-------+-------+-------+-------+-------+-------++-------
  Melee: Dagger            |    98 |   196 |   130 |       |       |       ||   424
         Hand axe          |     3 |       |       |       |       |       ||     3
         War axe           |       |       |   155 |   276 |   781 |   623 ||  1835
         Demon whip        |       |       |       |       |    84 |   666 ||   750
  Throw: Dart              |       |       |    13 |       |     1 |       ||    14
 Invoke: Convert to Beogh  |       |     1 |       |       |       |       ||     1
         Smiting           |       |       |       |    10 |    17 |    12 ||    39
         Recall Orcish Fol |       |       |       |     1 |     7 |     7 ||    15
         Give Item to Name |       |       |       |     1 |     5 |     1 ||     7
         Stop Recall       |       |       |       |       |     3 |     6 ||     9
         Resurrection      |       |       |       |       |     1 |     1 ||     2
  Evoke: Wand              |       |     1 |     3 |    29 |     5 |     8 ||    46
    Use: Potion            |     1 |     1 |     2 |       |     8 |     8 ||    20
         Scroll            |       |     4 |     3 |     5 |    18 |    11 ||    41
   Stab: Distracted        |       |       |     1 |     2 |    17 |     2 ||    22
         Confused          |       |       |       |     4 |     2 |       ||     6
         Invisible         |       |       |       |     2 |       |    11 ||    13
         Petrified         |       |       |       |       |       |     5 ||     5
         Petrifying        |       |       |       |       |       |     1 ||     1
 Armour: Robe              |     8 |       |       |       |       |       ||     8
         Leather armour    |    12 |       |       |       |       |       ||    12
         Ring mail         |     9 |    10 |       |       |       |       ||    19
         Chain mail        |       |    80 |   105 |    91 |   375 |   717 ||  1368
         Plate armour      |       |       |    33 |    52 |       |       ||    85
  Dodge: Dodged            |    58 |    61 |   124 |   120 |   282 |   480 ||  1125
  Block: Buckler           |    15 |    25 |    51 |    46 |       |       ||   137
         Kite shield       |       |       |       |    70 |   512 |   857 ||  1439
         Reflection        |       |       |       |       |       |     1 ||     1

Table legend: (Time is in decaauts)
 A = Elapsed time spent in this place.
 B = Non-inter-level travel time spent in this place.
 C = Inter-level travel time spent in this place.
 D = Time resting spent in this place.
 E = Time spent auto-exploring this place.
 F = Levels seen in this place.
 G = Mean time per level.
                   A        B        C        D        E       F      G
               +--------+--------+--------+--------+--------+-----+--------+
         Total |  34719 |  33069 |   1650 |   8998 |  17243 |  34 | 1021.1 |
       Dungeon |  15584 |  14756 |    828 |   2701 |   9372 |  15 | 1038.9 |
          Lair |   6863 |   6361 |    502 |   1660 |   3840 |   5 | 1372.6 |
         Swamp |   4817 |   4683 |    134 |   1627 |   1867 |   4 | 1204.2 |
   Spider Nest |   3245 |   3232 |     13 |   1783 |    724 |   3 | 1081.7 |
  Orcish Mines |   1707 |   1536 |    171 |    416 |    679 |   2 |  853.5 |
         Abyss |    945 |    945 |      0 |    392 |    248 |   2 |  472.5 |
        Bailey |    665 |    665 |      0 |    341 |    106 |   1 |  665.0 |
      Ice Cave |    668 |    668 |      0 |     78 |    265 |   1 |  668.0 |
      Gauntlet |    222 |    222 |      0 |      0 |    141 |   1 |  222.0 |
               +--------+--------+--------+--------+--------+-----+--------+

Top non-repeatable levels by time:
  Lair:5: 1762 daAuts
     D:5: 1752 daAuts
  Lair:1: 1551 daAuts
 Swamp:3: 1387 daAuts
  Lair:4: 1357 daAuts
 Swamp:4: 1353 daAuts
Spider:1: 1314 daAuts
 Swamp:1: 1248 daAuts
     D:6: 1183 daAuts
    D:10: 1160 daAuts
  Lair:3: 1125 daAuts
    D:15: 1123 daAuts
     D:3: 1112 daAuts
    D:11: 1094 daAuts
     D:9: 1093 daAuts
